 Dungeon Crawl Stone Soup version 0.28-a0-802-g09f76e8c00 (webtiles) character file.

Game seed: 17884054978420593399

18156 rogsnak the Zephyrmancer (level 12, -7/91 HPs)
             Began as a White Draconian Air Elementalist on Nov 6, 2021.
             Was an Elder of Sif Muna.
             Mangled by a phantasmal warrior (30 damage)
             ... led by a death knight
             ... on level 12 of the Dungeon on Nov 7, 2021.
             The game lasted 00:56:19 (18920 turns).

rogsnak the Zephyrmancer (DrAE)                    Turns: 18920, Time: 00:56:19

Health: -7/91      AC: 14    Str: 11    XL:     12   Next: 25%
Magic:  27/27      EV: 13    Int: 23    God:    Sif Muna [****..]
Gold:   1041       SH:  0    Dex: 14    Spells: 19/33 levels left

rFire   . . .      SeeInvis .   H - +10 spear of Zarur {vorpal, *Noise Int+3 Dex+2 Stlth+}
rCold   + . .      Faith    .   (no shield)
rNeg    . . .      Spirit   .   (armour unavailable)
rPois   .          Reflect  .   Z - +2 hat
rElec   .          Harm     .   s - +0 cloak
rCorr   +          Rampage  .   O - +1 pair of gloves
Will    .....                   J - +0 pair of boots
Stlth   +++.......              M - amulet of magic regeneration
HPRegen 0.25/turn               Q - ring of resist corrosion
MPRegen 0.45/turn               (no ring)

@: weak-willed
A: breathe frost, AC +8, unfitting armour, cold resistance 1, cold-blooded
a: Breathe Frost, Renounce Religion, Channel Magic, Forget Spell, Divine
Exegesis


You were on level 12 of the Dungeon.
You worshipped Sif Muna.
Sif Muna was greatly pleased with you.
You visited 2 branches of the dungeon, and saw 13 of its levels.
You also visited: Sewer, Ossuary and Bailey.

You collected 1041 gold pieces.

Inventory:

Hand Weapons
 d - a +1 trident of venom
 y - a +0 whip of electrocution
 z - the +9 whip of Arbitration {vorpal, Fly rPois rF- Int-2}
   (You found it on level 11 of the Dungeon)

   It inflicts extra damage upon your enemies.
   Int:       It affects your intelligence (-2).
   rF:        It makes you vulnerable to fire.
   rPois:     It protects you from poison.
   Fly:       It grants you flight.
 B - the +1 hand axe of Xom's Righteous Fury {flame, rF+ rN+ Will+}
   (You found it on level 5 of the Dungeon)

   It burns those it strikes, dealing additional fire damage.
   Big, fiery blades are also staple armaments of hydra-hunters.
   rF:        It protects you from fire.
   rN:        It protects you from negative energy.
   Will:      It increases your willpower.
 H - the +10 spear of Zarur (weapon) {vorpal, *Noise Int+3 Dex+2 Stlth+}
   (You found it on level 10 of the Dungeon)

   It inflicts extra damage upon your enemies.
   Int:       It affects your intelligence (+3).
   Dex:       It affects your dexterity (+2).
   *Noise:    It may make noises in combat.
   Stlth:     It makes you more stealthy.
 K - a +6 mace
 L - a +3 falchion of freezing
Missiles
 a - 134 bolts
 j - 95 poisoned darts
 A - 6 throwing nets
 N - 2 silver boomerangs
 T - a curare-tipped dart
Armour
 s - a +0 cloak (worn)
 J - a +0 pair of boots (worn)
 O - a +1 pair of gloves (worn)
 R - a +0 buckler
 Z - a +2 hat (worn)
Magical Staves
 F - a staff of death
Jewellery
 M - an amulet of magic regeneration (around neck)
 Q - a ring of resist corrosion (left hand)
Wands
 w - a wand of polymorph (5)
 x - a wand of mindburst (10)
 D - a wand of flame (23)
 U - a wand of digging (4)
 W - a wand of iceblast (8)
Scrolls
 b - 4 scrolls of amnesia
 c - a scroll of silence
 e - 2 scrolls of immolation
 f - 4 scrolls of enchant armour {unknown}
 h - 5 scrolls of noise {unknown}
 i - a scroll of holy word {unknown}
 m - 2 scrolls of magic mapping {unknown}
 t - 5 scrolls of teleportation
 u - 2 scrolls of brand weapon {unknown}
 E - a scroll of enchant weapon {unknown}
 S - 3 scrolls of fog {unknown}
 Y - 2 scrolls of blinking {unknown}
Potions
 g - a potion of haste {unknown}
 k - 6 potions of invisibility {unknown}
 l - 4 potions of heal wounds
 n - 6 potions of flight
 o - a potion of brilliance
 p - 2 potions of lignification {unknown}
 q - a potion of ambrosia {unknown}
 r - 4 potions of degeneration {unknown}
 v - 3 potions of resistance {unknown}
 C - 9 potions of curing
 G - 2 potions of cancellation {unknown}
 I - a potion of might
 P - a potion of attraction {unknown}
 V - a potion of magic
 X - a potion of berserk rage


   Skills:
 + Level 3.6 Fighting
 + Level 4.4 Dodging
 - Level 2.0 Stealth
 + Level 11.4 Spellcasting
 * Level 10.5 Conjurations
 + Level 0.5 Ice Magic
 + Level 11.6 Air Magic


You had 19 spell levels left.
You knew the following spells:

 Your Spells              Type           Power      Damage    Failure   Level
a - Shock                 Conj/Air       100%       1d9       1%          1
b - Swiftness             Air            61%        N/A       1%          3
c - Airstrike             Air            30%        N/A       1%          4
d - Mephitic Cloud        Conj/Pois/Air  47%        N/A       1%          3
e - Ozocubu's Armour      Ice            15%        N/A       12%         3

Your spell library contained the following spells:

 Spells                   Type           Power      Damage    Failure   Level
 Magic Dart               Conj           100%       1d8       1%          1
 Static Discharge         Conj/Air       59%        N/A       1%          2
 Dazzling Flash           Conj/Hex       74%        N/A       1%          3
 Summon Small Mammal      Summ           52%        N/A       4%          1
 Fulminant Prism          Conj/Hex       18%        3d11      5%          4
 Iskenderun's Mystic Bla  Conj/Tloc      37%        2d9       5%          4
 Sticky Flame             Conj/Fire      37%        2d6       5%          4
 Blink                    Tloc           26%        N/A       8%          2
 Call Imp                 Summ           13%        N/A       8%          2
 Passwall                 Tmut/Erth      10%        N/A       8%          2
 Silence                  Hex/Air        20%        N/A       12%         5
 Call Canine Familiar     Summ           13%        N/A       14%         3
 Lesser Beckoning         Tloc           13%        N/A       14%         3
 Summon Guardian Golem    Hex/Summ       13%        N/A       14%         3
 Dispel Undead            Necr           13%        3d9       43%         4
 Metabolic Englaciation   Hex/Ice        7%         N/A       77%         5
 Agony                    Necr           13%        N/A       80%         5
 Lee's Rapid Deconstruct  Erth           6%         3d7*      80%         5
 Manifold Assault         Tloc           13%        N/A       80%         5
 Invisibility             Hex            6%         N/A       100%        6
 Simulacrum               Ice/Necr       7%         N/A       100%        6


Dungeon Overview and Level Annotations

Branches:
Dungeon (12/15)            Temple (1/1) D:5            Lair (0/6) D:9
    Orc (0/2) D:9           Sewer (visited)         Ossuary (visited)
 Bailey (visited)

Altars:
Ashenzari
Cheibriados
Dithmenos
Elyvilon
Fedhas
Gozag
Hepliaklqana
Kikubaaqudgha
Makhleb
Nemelex Xobeh
Okawaru
Qazlal
Ru
Sif Muna
Uskayaw
Vehumet
Wu Jian
Xom
Yredelemnul
Zin
The Shining One

Shops:
D:12 !


Innate Abilities, Weirdness & Mutations

You can breathe waves of freezing cold which knock back foes.
Your icy white scales are hard. (AC +8)
You cannot fit into any form of body armour.
Your flesh is cold resistant. (rC+)
You are cold-blooded and may be slowed by cold attacks.


Message History

There is a stone staircase leading down here.
Casting: Airstrike (safe; 1% risk of failure)
Confirm with . or Enter, or press ? or * to list all spells.
You can't see any susceptible monsters within range! (Use Z to cast anyway.)
You start resting.
Magic restored.
Welcome back, rogsnak the White Draconian Air Elementalist.
Sif Muna whispers: I know many secrets...
Press ? for a list of commands and other information.
There is a stone staircase leading down here.
You climb downwards.
The freezing wraith hits you but does no damage.
The freezing wraith hits you! The phantasmal warrior hits you!
There is a stone staircase leading up, spattered with blood here.
Unknown command.
Unknown command.
Unknown command.
A wraith comes into view.
The wraith moves out of view.
A death knight comes into view. It is wielding a +1 great sword.
The wraith hits you! The phantasmal warrior gestures at you.
The phantasmal warrior blinks!
The phantasmal warrior gestures at you.
The phantasmal warrior blinks!
The phantasmal warrior gestures at you.
The phantasmal warrior blinks!
The phantasmal warrior gestures at you.
The phantasmal warrior blinks!
The phantasmal warrior hits you but does no damage.
The phantasmal warrior gestures at you.
The phantasmal warrior blinks!
You hit the phantasmal warrior but do no damage.
You tail-slap the phantasmal warrior.
The phantasmal warrior is lightly damaged.
The phantasmal warrior hits you!
Your willpower is stripped away!
The phantasmal warrior hits you!!
* * * LOW HITPOINT WARNING * * *
The phantasmal warrior hits you!!
You die...

##########..### #.# #....## #.#
##.....###.#
########..........##
####...........)......# ####
#........##.......###.## #...
#.##.###.###.....###...######.##
#.##.# #.# #...W###.###.......#
#.##.# #.# #...@.W..# #..[#####
#<##.# #.# #..#####.###.#.#
#.##.# #.# #..# ##....#.# #....#
#.# #..# ##.#.#.##### #..### #.#
#..# #......W...## #..# #.# #..#
##....#.#...W. #..# #.#
#..#####.....#.#.###. #..# #.#
##...............# #. #..#####.#
##.#####...#...#.###.


You could see a phantasmal warrior and a freezing wraith.

Vanquished Creatures
  2 boulder beetles
  2 hydras
  3 two-headed ogres
  An orc knight (D:12)
  2 manticores
  2 ugly things
  Maggie (D:10)
  An unseen horror (D:12)
  3 trolls
  3 meliai (D:10)
  Grinder (D:5)
  2 slime creatures (D:12)
  A meliai zombie (D:10)
  A spriggan (D:8)
  2 wyverns
  A wraith (D:11)
  8 yaks (D:9)
  4 vampire mosquitoes (D:11)
  A warg (D:12)
  Menkaure (D:6)
  An acid dragon (D:3)
  2 water moccasins
  Duvessa (D:4)
  5 orc warriors
  3 necrophages
  2 sky beasts
  2 ice beasts
  3 black bears
  A hornet zombie (D:6)
  2 ogres
  10 centaurs
  A lemure (D:4)
  3 kobold brigands
  A phantom (D:5)
  2 bullfrogs
  Blork the orc (D:5)
  11 gnoll sergeants
  2 scorpions
  A water moccasin zombie (Ossuary)
  2 wyvern zombies (Ossuary)
  A wyvern skeleton (D:6)
  Dowan (D:4)
  4 wights (D:6)
  11 killer bees (D:8)
  5 bullfrog zombies
  3 howler monkeys
  6 centaur zombies
  3 hounds
  3 orc priests
  6 gnoll shamans (Bailey)
  4 jellies
  An iguana (D:4)
  19 mummies
  A scorpion zombie (D:5)
  3 orc wizards
  2 killer bee zombies (D:9)
  4 howler monkey zombies
  34 gnolls
  9 adders
  A shadow imp (D:6)
  An ufetubus (D:5)
  A worm (D:2)
  A dart slug (D:2)
  24 orcs
  16 endoplasms
  3 giant cockroaches
  7 goblins
  7 hobgoblins
  7 jackals
  2 quokkas
  4 ball pythons
  11 bats
  2 frilled lizards
  23 kobolds
  9 rats
337 creatures vanquished.

Vanquished Creatures (others)
  5 fungi (D:2)
  12 plants (D:9)
  6 toadstools (D:2)
  6 withered plants (Ossuary)
29 creatures vanquished.

Grand Total: 366 creatures vanquished

Notes
Turn   | Place    | Note
-------+----------+-------------------------------------------
     0 | D:1      | rogsnak the Draconian Air Elementalist began the quest for
                  | the Orb.
     0 | D:1      | Reached XP level 1. HP: 14/14 MP: 3/3
   686 | D:1      | Reached XP level 2. HP: 20/20 MP: 1/5
  1764 | D:2      | Reached XP level 3. HP: 21/26 MP: 4/6
  1828 | D:2      | Learned a level 3 spell: Swiftness
  2939 | D:2      | Reached XP level 4. HP: 30/33 MP: 1/8
  3240 | D:3      | Found a glowing drain.
  3256 | D:3      | Reached XP level 5. HP: 38/38 MP: 4/9
  3344 | Sewer    | Entered a sewer
  3956 | Sewer    | Learned a level 4 spell: Airstrike
  4231 | Sewer    | Found a glowing silver altar of Zin.
  4473 | D:3      | Noticed a necrophage
  4547 | D:3      | Killed a necrophage
  4548 | D:3      | Reached XP level 6. HP: 45/45 MP: 3/11
  5113 | D:4      | Noticed a sky beast
  5158 | D:4      | Noticed Dowan
  5162 | D:4      | Killed Dowan
  5163 | D:4      | Your scales start taking on an icy white colour.
  5163 | D:4      | Reached XP level 7. HP: 38/50 MP: 8/13
  5163 | D:4      | Gained mutation: Your flesh is cold resistant. (rC+) [White
                  | Draconian growth]
  5163 | D:4      | Noticed Duvessa
  5174 | D:4      | Killed Duvessa
  5174 | D:4      | HP: 2/50 [poisoned by Duvessa]
  5477 | D:4      | Reached skill level 5 in Air Magic
  5825 | D:4      | Noticed Pikel
  5880 | D:3      | Noticed Pikel
  5880 | D:3      | Pikel changed into Pikel the acid dragon
  5962 | D:3      | Killed Pikel the acid dragon
  5963 | D:3      | Reached skill level 1 in Fighting
  5963 | D:3      | Reached skill level 5 in Conjurations
  6225 | D:4      | Reached XP level 8. HP: 43/59 MP: 15/15
  6437 | D:4      | Reached skill level 5 in Spellcasting
  6863 | D:5      | Entered Level 5 of the Dungeon
  6867 | D:5      | Identified the +1 hand axe of Xom's Righteous Fury {flame,
                  | rF+ rN+ Will+}
  6966 | D:5      | Found an ancient bone altar of Kikubaaqudgha.
  7048 | D:5      | Noticed Blork the orc
  7069 | D:5      | Killed Blork the orc
  7508 | D:5      | Noticed Grinder
  7520 | D:5      | Killed Grinder
  7894 | D:5      | Found a staircase to the Ecumenical Temple.
  7900 | Temple   | Entered the Ecumenical Temple
  7999 | Temple   | Became a worshipper of Sif Muna the Loreminder
  8451 | D:6      | Reached XP level 9. HP: 59/67 MP: 18/18
  8966 | D:6      | Learned a level 3 spell: Mephitic Cloud
  9434 | D:6      | Noticed Menkaure
  9437 | D:6      | Killed Menkaure
  9437 | D:6      | Reached * piety under Sif Muna
  9636 | D:6      | Noticed a troll
  9640 | D:6      | Killed a troll
 10098 | D:7      | Reached XP level 10. HP: 46/73 MP: 21/21
 10222 | D:7      | Found a flagged portal.
 10245 | Bailey   | Entered a bailey
 10851 | Bailey   | Upgraded the game from 0.28-a0-794-gafe8c5f9e9 to
                  | 0.28-a0-802-g09f76e8c00
 10854 | Bailey   | Reached ** piety under Sif Muna
 11378 | D:7      | Identified the +2 leather armour of the Devil {rPois rN+++
                  | Dex-5 Stlth-}
 11399 | D:7      | Noticed a manticore
 11412 | D:7      | Killed a manticore
 11796 | D:8      | Found a sand-covered staircase.
 11943 | Ossuary  | Entered an ossuary
 12612 | Ossuary  | Reached *** piety under Sif Muna
 12757 | D:8      | Noticed a red ugly thing
 12768 | D:8      | Killed a red ugly thing
 13103 | D:8      | Found an iron altar of Okawaru.
 13149 | D:8      | Noticed a two-headed ogre
 13165 | D:8      | Killed a two-headed ogre
 13385 | D:8      | Reached XP level 11. HP: 78/81 MP: 24/24
 13569 | D:8      | Found an opulent altar of Gozag.
 13569 | D:8      | Found a glowing golden altar of the Shining One.
 13736 | D:9      | Found a staircase to the Orcish Mines.
 13842 | D:9      | Identified the +2 dagger "Widowermaker" {flame, rN+}
 13951 | D:9      | Noticed an eight-headed hydra
 14571 | D:9      | Found a snail-covered altar of Cheibriados.
 14640 | D:9      | Found a staircase to the Lair.
 14749 | D:9      | Reached skill level 10 in Air Magic
 14837 | D:9      | Killed an eight-headed hydra
 14837 | D:9      | Reached **** piety under Sif Muna
 14838 | D:9      | Reached skill level 10 in Spellcasting
 14931 | D:10     | Entered Level 10 of the Dungeon
 15457 | D:10     | Noticed Maggie
 15678 | D:10     | Identified the +10 spear of Zarur {vorpal, *Noise Int+3
                  | Dex+2 Stlth+}
 15725 | D:10     | Killed Maggie
 15843 | D:10     | Learned a level 3 spell: Ozocubu's Armour
 16525 | D:11     | Noticed a boulder beetle
 16860 | D:11     | Killed a boulder beetle
 16861 | D:11     | Reached skill level 10 in Conjurations
 17152 | D:11     | Identified the +9 whip of Arbitration {vorpal, Fly rPois
                  | rF- Int-2}
 17400 | D:12     | Noticed a boulder beetle
 17417 | D:12     | Killed a boulder beetle
 17492 | D:12     | Noticed a six-headed hydra
 17500 | D:12     | Killed a six-headed hydra
 17501 | D:12     | Reached XP level 12. HP: 89/89 MP: 3/27
 17603 | D:12     | Noticed a two-headed ogre
 17895 | D:12     | Killed a two-headed ogre
 17942 | D:12     | Found Arghi's Distillery.
 18003 | D:12     | Noticed a two-headed ogre
 18018 | D:12     | Killed a two-headed ogre
 18895 | D:12     | Noticed a death knight
 18920 | D:12     | Mangled by a phantasmal warrior

Illustrated notes

Levels and vault maps discovered:
D:1:      co_arrival_random_square_maze, layout_basic
D:2:      cheibrodos_fertilizer, layout_basic, minmay_between
D:3:      layout_loops_ring, gup_sewer_entry_glass
D:4:      layout_loops_ring, lightli_minifort, uniq_duvessa, uniq_pikel
D:5:      layout_basic, mainiacjoe_overflow_cross_hatched, temple_statues,
          serial_rivers, chequers_serial_rivers_small_b,
          chequers_serial_rivers_small_3, chequers_serial_rivers_large_a,
          chequers_serial_rivers_room_a, chequers_serial_rivers_small_b,
          uniq_grinder, uniq_blork_the_orc
D:6:      minmay_inner_zag, layout_rooms, serial_bayou_pond_e,
          minmay_starry_boxes, uniq_menkaure
D:7:      layout_loops_cross, enter_bailey_4
D:8:      layout_cave_pods, gammafunk_temple_overflow_statue,
          nicolae_ossuary_entry_plus, minmay_misc_feat_encased,
          kennysheep_flooded_box, the_hattery
D:9:      layout_gridville, chei_slow_surprise, david_lair_shrubbed, orc_0_dummy
D:10:     layout_cave_pools, chequers_jeans, uniq_maggie
D:11:     layout_loops_corners
D:12:     layout_loops_ring, serial_shops, nicolae_take_the_stairs
Temple:   regret_index_temple_mists

Skill      XL: |  1  2  3  4  5  6  7  8  9 10 11 |
---------------+----------------------------------+-----
Stealth        | 2 |  2.0
Dodging        | 2 3 4 |  4.4
Conjurations   | 2 3 4 5 7 8 9 10 | 10.5
Spellcasting   | 3 4 6 7 9 11 | 11.4
Air Magic      | 4 5 6 8 9 11 | 11.6
Fighting       | 1 2 3 |  3.6
Ice Magic      | |  0.5

Action                   |  1- 3 |  4- 6 |  7- 9 | 10-12 || total
-------------------------+-------+-------+-------+-------++-------
Melee: Short sword       |    15 |       |    81 |    49 ||   145
       Unarmed           |     2 |       |       |       ||     2
       Tailslap          |     6 |       |    10 |    36 ||    52
       Dagger            |    36 |    26 |       |       ||    62
       Whip              |       |       |    10 |    31 ||    41
       Trident           |       |       |       |   103 ||   103
       Spear             |       |       |       |    57 ||    57
 Cast: Shock             |    81 |    95 |   183 |   150 ||   509
       Airstrike         |       |       |    36 |   164 ||   200
       Swiftness         |       |       |     1 |     5 ||     6
       Mephitic Cloud    |       |       |     2 |    59 ||    61
       Ozocubu's Armour  |       |       |       |     2 ||     2
 Abil: Breathe Frost     |       |       |       |     3 ||     3
Evoke: Wand              |       |       |     1 |       ||     1
  Use: Potion            |       |       |     2 |       ||     2
       Scroll            |       |       |     1 |     8 ||     9
 Stab: Sleeping          |       |       |     4 |     1 ||     5
       Confused          |       |       |     1 |    13 ||    14
Armor: Skin              |    10 |    10 |    57 |   128 ||   205
Dodge: Dodged            |    26 |    33 |    94 |   190 ||   343

Table legend: (Time is in decaauts)
 A = Elapsed time spent in this place.
 B = Non-inter-level travel time spent in this place.
 C = Inter-level travel time spent in this place.
 D = Time resting spent in this place.
 E = Time spent auto-exploring this place.
 F = Levels seen in this place.
 G = Mean time per level.
                   A        B        C        D        E       F      G
               +--------+--------+--------+--------+--------+-----+--------+
         Total |  19101 |  18722 |    379 |   6885 |   7308 |  16 | 1193.8 |
       Dungeon |  16307 |  15928 |    379 |   5403 |   6929 |  12 | 1358.9 |
        Temple |    158 |    158 |      0 |      0 |    105 |   1 |  158.0 |
         Sewer |    976 |    976 |      0 |    684 |    109 |   1 |  976.0 |
       Ossuary |    821 |    821 |      0 |    411 |    165 |   1 |  821.0 |
        Bailey |    836 |    836 |      0 |    387 |      0 |   1 |  836.0 |
               +--------+--------+--------+--------+--------+-----+--------+

Top non-repeatable levels by time:
     D:4: 1996 daAuts
     D:6: 1680 daAuts
     D:1: 1650 daAuts
     D:2: 1572 daAuts
    D:11: 1487 daAuts
     D:8: 1459 daAuts
    D:10: 1314 daAuts
    D:12: 1160 daAuts
     D:5: 1094 daAuts
     D:9: 1071 daAuts
   Sewer: 976 daAuts
     D:3: 932 daAuts
     D:7: 887 daAuts
  Bailey: 836 daAuts
 Ossuary: 821 daAuts
